 Dungeon Crawl Stone Soup version 0.23.2-30-g0e89c35649 (webtiles) character file.

Game seed: 2367120236487706666

51 Hebeh the Conjurer (level 3, -1/19 HPs)
             Began as a Deep Elf Conjurer on June 13, 2019.
             Slain by Terence
             ... wielding a +2 hand axe of draining
              (6 damage)
             ... on level 3 of the Dungeon on June 14, 2019.
             The game lasted 00:16:25 (2243 turns).

Hebeh the Conjurer (Deep Elf Conjurer)              Turns: 2243, Time: 00:16:26

Health: -1/19      AC:  2    Str:  5    XL:     3   Next: 58%
Magic:  0/10       EV: 13    Int: 20    God:
Gold:   109        SH:  0    Dex: 15    Spells: 8/9 levels left

rFire    . . .     SeeInvis .   a - +0 whip
rCold    . . .     Gourm    .   (no shield)
rNeg     . . .     Faith    .   n - +0 robe
rPois    .         Spirit   .   (no helmet)
rElec    .         Reflect  .   (no cloak)
rCorr    .         Harm     .   (no gloves)
MR       .....                  (no boots)
Stlth    ++........             (no amulet)
HPRegen  0.06/turn              (no ring)
MPRegen  0.12/turn              (no ring)

@: very slightly contaminated, drained
A: no striking features
a: no special abilities


You were on level 3 of the Dungeon.
You were not hungry.

You visited 1 branch of the dungeon, and saw 3 of its levels.

You collected 109 gold pieces.

Inventory:

Hand Weapons
 a - a +0 whip (weapon)
 g - a +0 club
 q - a +0 dagger
 v - a +0 short sword
Missiles
 e - 39 arrows
 f - 70 bolts
 m - 28 stones (quivered)
Armour
 j - a +0 helmet
 l - a +0 chain mail
 n - a +0 robe (worn)
Jewellery
 s - an uncursed amulet of the gourmand {unknown}
Wands
 r - a wand of flame (20)
Scrolls
 b - 5 scrolls of identify {unknown}
 i - 2 scrolls of enchant weapon {unknown}
 k - a scroll of immolation {unknown}
 o - a scroll of amnesia {unknown}
Potions
 d - 3 potions of curing {unknown}
 p - a potion of berserk rage {unknown}
 t - a potion of flight {unknown}
 u - a potion of brilliance {unknown}
Comestibles
 c - 3 rations
 h - a chunk of flesh


   Skills:
 + Level 3.1(2.3) Dodging
 - Level 3.1(2.3) Stealth
 * Level 3.9(3.1) Spellcasting
 + Level 4.8(3.9) Conjurations


You had 8 spell levels left.
You knew the following spells:

 Your Spells              Type           Power        Failure   Level  Hunger
a - Magic Dart            Conj           ###.         2%          1    None

Your spell library contained the following spells:

 Spells                   Type           Power        Failure   Level  Hunger
 Searing Ray              Conj           ###...       4%          2    ##.....
 Dazzling Spray           Conj/Hex       ##....       19%         3    ###....
 Iskenderun's Mystic Bla  Conj           ###.....     26%         4    ####...
 Force Lance              Conj/Tloc      ##......     52%         4    ####...
 Fulminant Prism          Conj/Hex       ##........   52%         4    ####...


Dungeon Overview and Level Annotations

Branches:
Dungeon (3/15)

Altars:
Okawaru

Annotations:
D:3 Terence


Message History

Press: ? - help, Shift-Dir - straight line, f/p - Terence
Aim: Terence, wielding a +2 hand axe of draining and wearing a +0 scale mail (moderately wounded)
The magic dart hits Terence but does no damage.
Terence is moderately wounded.
Terence hits you with a +2 hand axe of draining.
You feel drained.
Casting: Magic Dart (safe; 2% risk of failure)
Confirm with . or Enter, or press ? or * to list all spells.
Aiming: Magic Dart (safe; 2% risk of failure)
Press: ? - help, Shift-Dir - straight line, f/p - Terence
Aim: Terence, wielding a +2 hand axe of draining and wearing a +0 scale mail (moderately wounded)
The magic dart hits Terence.
Terence is moderately wounded.
Terence hits you with a +2 hand axe of draining.
* * * LOW HITPOINT WARNING * * *
You feel drained.
You closely miss Terence.
Terence is moderately wounded.
Terence hits you with a +2 hand axe of draining.
You die...

#... .... . .....
.. ..?.. ...###
......
......######......
..................
.......รท..@@..!"..
...####.<.##......
#^#.# ..... #..#...
.... ...#####.. ...
##.. ..... ### .. .
.


You could see Terence.

Vanquished Creatures
  A dart slug (D:1)
  5 leopard geckos
  2 ball pythons
  A giant cockroach (D:1)
  6 goblins
  5 hobgoblins
  3 jackals
  6 bats
  3 frilled lizards
  5 kobolds
  4 rats
41 creatures vanquished.

Notes
Turn   | Place    | Note
-------+----------+-------------------------------------------
     0 | D:1      | Hebeh the Deep Elf Conjurer began the quest for the Orb.
     0 | D:1      | Reached XP level 1. HP: 10/10 MP: 6/6
   147 | D:1      | Reached XP level 2. HP: 15/15 MP: 2/8
   926 | D:1      | Reached XP level 3. HP: 19/19 MP: 8/10
  1774 | D:2      | Found an iron altar of Okawaru.
  2235 | D:3      | Noticed Terence
  2243 | D:3      | Slain by Terence

Skill      XL: |  1  2 |
---------------+-------+-----
Stealth        | 3 |  3.1
Dodging        | 3 |  3.1
Spellcasting   | |  3.9
Conjurations   | |  4.8

Action                   || total
-------------------------++-------
Melee: Whip              ||     1
 Cast: Magic Dart        ||    79
  Eat: Chunk             ||     2
       Ration            ||     1
Armor: Robe              ||     2
Dodge: Dodged            ||     5
